 Dungeon Crawl Stone Soup version 0.30-a0-586-g23e55c9e0a (webtiles) character file.

Game seed: 12044799772862603491

10401 billz999 the Fighter (level 11, -6/89 HPs)
             Began as a Djinni Ice Elementalist on Jan 4, 2023.
             Was a Follower of Makhleb.
             Mangled by an elephant (18 damage)
             ... on level 1 of the Lair of Beasts.
             The game lasted 00:26:41 (12643 turns).

billz999 the Fighter (Djinni Ice Elementalist)     Turns: 12643, Time: 00:26:42

Health: -6/89      AC:  5    Str:  7    XL:     11   Next: 92%
Gold:   571        EV: 12    Int: 26    God:    Makhleb [*.....] SH:  0 Dex: 15

rFire   + + .      SeeInvis .    C - +0 shortbow
rCold   x . .      Faith    .    (shield currently unavailable)
rNeg    . . .      Spirit   .    a - +0 robe
rPois   ∞          Reflect  .    E - +0 helmet
rElec   .          Harm     .    (no cloak)
rCorr   .          Rampage  .    B - +1 pair of gloves
Will    +....                    (boots unavailable)
Stlth   ++                       (no amulet)
HPRegen 0.34/turn                D - +6 ring of intelligence
MPRegen 0.00/turn                (no ring)

@: flying
A: sickness immunity, fire resistance 2, cold vulnerability 1, float, innate
caster, HP casting, extra vitality 1
a: Renounce Religion


You were on level 1 of the Lair of Beasts.
You worshipped Makhleb.
Makhleb was aware of your devotion.
You visited 3 branches of the dungeon, and saw 11 of its levels.
You also visited: Ossuary.

You collected 571 gold pieces.

Inventory:

Hand Weapons
 o - a +0 sling
 C - a +0 shortbow (weapon)
Missiles
 v - 2 throwing nets
Armour
 a - a +0 robe (worn)
 k - the +0 leather armour "Tueck" {rPois rC- Will++ Stlth+}
   (You found it on level 2 of the Dungeon)

   rC:        It makes you vulnerable to cold.
   rPois:     It protects you from poison.
   Will:      It greatly increases your willpower.
   Stlth:     It makes you more stealthy.
 B - a +1 pair of gloves (worn)
 E - a +0 helmet (worn)
Jewellery
 x - a ring of resist corrosion
 A - a ring of fire
 D - a +6 ring of intelligence (left hand)
Wands
 l - a wand of paralysis (21)
 y - a wand of flame (9)
 I - a wand of light (5)
Scrolls
 c - 2 scrolls of enchant armour
 d - 5 scrolls of poison
 e - 2 scrolls of brand weapon
 f - a scroll of identify
 h - 8 scrolls of teleportation
 m - 2 scrolls of immolation
 s - 3 scrolls of enchant weapon
 w - a scroll of butterflies
 G - 2 scrolls of magic mapping
 H - a scroll of fog {unknown}
 J - a scroll of blinking
Potions
 b - 2 potions of magic
 g - a potion of brilliance
 i - 4 potions of curing
 j - a potion of degeneration {unknown}
 n - 7 potions of flight
 p - 2 potions of berserk rage {unknown}
 q - 5 potions of mutation
 r - 6 potions of might
 t - 4 potions of haste {unknown}
 u - 2 potions of heal wounds {unknown}
 z - 2 potions of attraction {unknown}
 F - a potion of invisibility {unknown}


   Skills:
 - Level 12.0 Fighting
 + Level 10.7 Ranged Weapons
 - Level 2.1 Dodging
 - Level 1.5 Stealth
 - Level 4.6 Spellcasting


You couldn't memorise any spells.
You knew the following spells:

 Your Spells              Type           Power      Damage    Failure   Level
a - Freeze                Ice            100%       1d10      1%          1
b - Frozen Ramparts       Ice            58%        1d9       3%          3
c - Ozocubu's Armour      Ice            29%        N/A       3%          3
d - Summon Ice Beast      Ice/Summ       29%        N/A       12%         4
e - Sandblast             Erth           58%        2d13      1%          1
f - Scorch                Fire           58%        2d7       1%          2
g - Ensorcelled Hibernat  Hex/Ice        58%        N/A       1%          2
h - Petrify               Tmut/Erth      29%        N/A       12%         4
i - Sticky Flame          Conj/Fire      29%        2d5       12%         4
Your spell library was empty.

Dungeon Overview and Level Annotations

Branches:
Dungeon (9/15)             Temple (1/1) D:7            Lair (1/5) D:9
Ossuary (visited)
    Orc: D:9-12

Altars:
Ashenzari
Cheibriados
Dithmenos
Elyvilon
Fedhas
Gozag
Hepliaklqana
Makhleb
Nemelex Xobeh
Okawaru
Uskayaw
Wu Jian
Xom
Yredelemnul
Zin
The Shining One

Shops:
D:1 *   D:4 =   D:5 [   D:8 ?*(

Annotations:
D:5 2 transporters, wormed's ghost, novice GnWn
D:8 exclusion: 4 oklob plants
D:9 1 runed translucent door, exclusion: obsidian statue


Innate Abilities, Weirdness & Mutations

You are immune to sickness and miasma.
You are immune to poison.
Your flesh is very heat resistant. (rF++)
You are vulnerable to cold. (rC-)
You float through the air rather than walking.
You learn spells naturally, not from books.
Your magical power is your life essence.
You have superior vitality. (+4 MHP)


Message History

The elephant is heavily wounded.
The elephant burns!
The elephant closely misses you. The elephant barely misses you.
The komodo dragon hisses menacingly.
You shoot an arrow.
The arrow hits the elephant but does no damage.
The elephant is heavily wounded.
The elephant burns!
The elephant stops burning.
The elephant barely misses you. The elephant trunk-slaps you.
The elephant tramples you!
You are shoved backwards!
You are too injured to fight recklessly!
You are too injured to fight recklessly!
You are too injured to fight recklessly!
You are too injured to fight recklessly!
Unknown command.
You are too injured to fight recklessly!
You shoot an arrow. The arrow hits the elephant.
The elephant is lightly wounded.
The elephant barely misses you. The elephant trunk-slaps you.
You shoot an arrow.
The arrow hits the elephant but does no damage.
The elephant is lightly wounded.
The elephant tramples you!
* * * LOW HITPOINT WARNING * * *
You are shoved backwards!
You shoot an arrow. The arrow hits the elephant.
The elephant is lightly wounded.
The elephant tramples you.
* * * LOW HITPOINT WARNING * * *
You are shoved backwards!
You shoot an arrow. The arrow hits the elephant!
The elephant is moderately wounded.
The elephant closely misses you.
The elephant trunk-slaps you but does no damage.
You shoot an arrow. The arrow hits the elephant.
The elephant is moderately wounded.
The elephant tramples you but does no damage.
The elephant trunk-slaps you but does no damage.
The elephant tramples you!!
You die...

...... .... #..## #.†l##
.. #..### ... ##...#
....#####l.##
.......YYY..## ###
.......@Y....#####.#####
.....................##.
############............
#.#...P.......
..#....#.......
....###.......... ....
#.......^.. ....
##......... ...
#.........


You could see 4 elephants and a komodo dragon.

Vanquished Creatures
  An elephant (Lair:1)
  3 cane toads (Lair:1)
  A komodo dragon (Lair:1)
  A tarantella (shapeshifter) (D:9)
  A polar bear (D:9)
  A shadow (D:7)
  16 yaks
  Eustachio (D:5)
  A wraith (D:9)
  2 steam dragons (D:8)
  A water moccasin (D:6)
  A nameless horror (D:5)
  2 orc warriors
  A sky beast (D:7)
  A black bear (Lair:1)
  3 ice beasts (D:9)
  A wolf (D:9)
  2 centaurs
  A phantom (D:4)
  A kobold brigand (D:9)
  A bullfrog (D:6)
  2 gnoll sergeants
  9 wights
  4 howler monkeys
  A centaur zombie (Ossuary)
  6 hounds
  3 orc priests
  3 jellies
  3 iguanas
  4 orc wizards
  2 mummies (Ossuary)
  Robin (D:2)
  9 gnolls
  9 adders
  A white imp (D:5)
  An ufetubus (D:4)
  2 adder zombies (Ossuary)
  3 worms (D:3)
  2 dart slugs
  23 orcs
  6 ball pythons
  6 endoplasms
  3 giant cockroaches
  9 goblins
  9 hobgoblins
  3 jackals (D:1)
  3 quokkas
  3 bats
  A frilled lizard (D:1)
  A goblin zombie (Ossuary)
  9 hobgoblin zombies (Ossuary)
  A jackal zombie (Ossuary)
  11 kobolds
  A kobold skeleton (D:9)
  11 kobold zombies
  5 orc zombies (Ossuary)
  4 rats
  3 rat zombies (Ossuary)
220 creatures vanquished.

Vanquished Creatures (collateral kills)
  3 two-headed ogres (D:9)
  A rime drake (D:9)
  A polar bear (D:9)
  2 yaks (D:9)
  A water moccasin (Lair:1)
  A gnoll sergeant (D:7)
  A centaur zombie (Ossuary)
  An iguana (D:5)
  7 gnolls
  An adder zombie (Ossuary)
  A hobgoblin zombie (Ossuary)
  A kobold zombie (Ossuary)
21 creatures vanquished.

Vanquished Creatures (others)
  A fungus (Lair:1)
  10 plants (Lair:1)
11 creatures vanquished.

Grand Total: 252 creatures vanquished

Notes
Turn   | Place    | Note
-------+----------+-------------------------------------------
     0 | D:1      | billz999 the Djinni Ice Elementalist began the quest for
                  | the Orb.
     0 | D:1      | billz999 set off with the following spells memorised:
                  | Freeze, Frozen Ramparts, Ozocubu's Armour, Summon Ice
                  | Beast.
     0 | D:1      | Reached XP level 1. HP: 15/15 MP: 0/0
    80 | D:1      | Found Biutyc's Assorted Antiques.
   124 | D:1      | Reached XP level 2. HP: 5/21 MP: 0/0
   836 | D:2      | Reached XP level 3. HP: 18/25 MP: 0/0
   836 | D:2      | Learned a level 1 spell: Sandblast
  1033 | D:2      | Noticed Robin
  1041 | D:2      | Killed Robin
  1042 | D:2      | Reached XP level 4. HP: 19/31 MP: 0/0
  1171 | D:2      | Identified the +0 leather armour "Tueck" {rPois rC- Will++
                  | Stlth+}
  1851 | D:3      | Reached XP level 5. HP: 31/36 MP: 0/0
  1851 | D:3      | Learned a level 2 spell: Scorch
  1852 | D:3      | Reached skill level 1 in Fighting
  2093 | D:3      | Found a shimmering altar of Xom.
  2095 | D:3      | Found a shimmering altar of Xom.
  2096 | D:3      | Found a shimmering altar of Xom.
  2097 | D:3      | Found a shimmering altar of Xom.
  2099 | D:3      | Found a shimmering altar of Xom.
  2099 | D:3      | Found a shimmering altar of Xom.
  2101 | D:3      | Found a shimmering altar of Xom.
  2239 | D:3      | Reached skill level 2 in Fighting
  2693 | D:3      | Reached skill level 3 in Fighting
  2693 | D:3      | Reached XP level 6. HP: 23/46 MP: 0/0
  3524 | D:4      | Found a sand-covered staircase.
  3532 | Ossuary  | Entered an ossuary
  3762 | Ossuary  | Reached skill level 4 in Fighting
  4065 | Ossuary  | Reached XP level 7. HP: 49/53 MP: 0/0
  4065 | Ossuary  | Learned a level 2 spell: Ensorcelled Hibernation
  4210 | D:4      | Found Tuybid's Jewellery Shoppe.
  4219 | D:4      | Reached skill level 5 in Fighting
  4551 | D:5      | Entered Level 5 of the Dungeon
  4566 | D:5      | Found Haschufuo's Armour Shop.
  4764 | D:5      | Reached skill level 6 in Fighting
  4874 | D:5      | Noticed Eustachio
  4879 | D:5      | Killed Eustachio
  4880 | D:5      | Reached skill level 7 in Fighting
  4880 | D:5      | Reached XP level 8. HP: 52/64 MP: 0/0
  4980 | D:5      | Noticed wormed's ghost (novice GnWn)
  4995 | D:5      | Found a transporter.
  5000 | D:5      | Found a transporter.
  5510 | D:6      | Noticed a nameless horror
  5639 | D:5      | Killed a nameless horror
  5714 | D:6      | Reached skill level 8 in Fighting
  6012 | D:6      | Reached skill level 9 in Fighting
  6288 | D:6      | Reached XP level 9. HP: 62/73 MP: 0/0
  6288 | D:6      | Learned a level 4 spell: Petrify
  6587 | D:6      | Reached skill level 10 in Fighting
  7857 | D:7      | Reached skill level 11 in Fighting
  8110 | D:7      | Found a staircase to the Ecumenical Temple.
  8118 | Temple   | Entered the Ecumenical Temple
  8198 | Temple   | Became a worshipper of Makhleb the Destroyer
  8676 | D:8      | Noticed an oklob plant
  9009 | D:8      | Found Ebakkaed's Weapon Shop.
  9105 | D:8      | Found Vajik's Magic Scroll Emporium.
  9120 | D:8      | Noticed an oklob plant
  9120 | D:8      | Noticed an oklob plant
  9120 | D:8      | Noticed an oklob plant
  9272 | D:8      | Found Caca's General Store.
  9290 | D:8      | Reached skill level 12 in Fighting
  9290 | D:8      | Reached skill level 1 in Ranged Weapons
  9292 | D:8      | Reached XP level 10. HP: 67/84 MP: 0/0
  9405 | D:8      | Found a sparkling altar of Nemelex Xobeh.
  9407 | D:8      | Found a broken altar of Ashenzari.
  9562 | D:9      | Noticed a two-headed ogre
  9576 | D:9      | Killed a two-headed ogre
  9649 | D:9      | Noticed a two-headed ogre
  9667 | D:9      | Killed a two-headed ogre
  9668 | D:9      | Reached skill level 5 in Ranged Weapons
  9961 | D:9      | Noticed a rime drake
  9964 | D:9      | Killed a rime drake
 10257 | D:9      | Found a staircase to the Lair.
 10286 | D:9      | Reached * piety under Makhleb
 10366 | D:9      | Reached XP level 11. HP: 48/89 MP: 0/0
 10366 | D:9      | Learned a level 4 spell: Sticky Flame
 10925 | D:9      | Noticed an obsidian statue
 11219 | D:9      | Found a runed translucent door.
 11231 | D:9      | Found a basalt altar of Yredelemnul.
 11351 | D:9      | Noticed a two-headed ogre
 11364 | D:9      | Killed a two-headed ogre
 12046 | Lair:1   | Entered Level 1 of the Lair of Beasts
 12194 | Lair:1   | Reached skill level 10 in Ranged Weapons
 12623 | Lair:1   | Noticed an elephant
 12624 | Lair:1   | Noticed an elephant
 12625 | Lair:1   | Noticed an elephant
 12629 | Lair:1   | Noticed an elephant
 12632 | Lair:1   | Killed an elephant
 12632 | Lair:1   | Noticed an elephant
 12643 | Lair:1   | Mangled by an elephant

Illustrated notes

Levels and vault maps discovered:
D:1:      amcnicky_arrival_flooded_fountain, layout_basic, serial_shops,
          shop_fountains
D:2:      layout_loops_ring, uniq_robin
D:3:      layout_basic, nicolae_xom_altar_mimics, minmay_misc_feat_alley
D:4:      layout_loops_ring, nicolae_ossuary_entry_plus, serial_shops, shop,
          item_on_display_a
D:5:      layout_rooms, gammafunk_ghost_hive, minmay_misc_feat_ornament,
          nicolae_stop_n_shop_2, uniq_eustachio
D:6:      layout_basic
D:7:      layout_rooms, minmay_temple_entry_junction
D:8:      layout_loops_ring, mainiacjoe_overflow_divided_tiny, serial_shops,
          shop_statue, nicolae_shop_bloodbath_and_beyond, shop, disabler_island
D:9:      wad_cavern_with_rooms, layout_long_grid, dk_yredelemnul_ordeal,
          hellmonk_lair_entry_icy, hangedman_decor_lopped, minivault_16
Temple:   minmay_temple_bridge_d
Lair:1:   layout_cave_pods, gammafunk_ghost_cemetery, serial_bayou_shore_a

Skill      XL: |  1  2  3  4  5  6  7  8  9 10 11 |
---------------+----------------------------------+-----
Spellcasting   | 4 |  4.6
Fighting       | 3 4 7 9 12 | 12.0
Ranged Weapons | 1 7 10 | 10.7
Dodging        | |  2.1
Stealth        | |  1.5

Action                   |  1- 3 |  4- 6 |  7- 9 | 10-12 || total
-------------------------+-------+-------+-------+-------++-------
Melee: Unarmed           |       |       |     1 |       ||     1
 Fire: Shortbow          |       |       |    15 |    44 ||    59
       Sling             |       |       |     9 |       ||     9
 Cast: Freeze            |    50 |    25 |    30 |    18 ||   123
       Frozen Ramparts   |     1 |    12 |    18 |    17 ||    48
       Scorch            |       |    77 |   118 |    83 ||   278
       Summon Ice Beast  |       |     3 |    11 |    16 ||    30
       Petrify           |       |       |       |    10 ||    10
       Sticky Flame      |       |       |       |    20 ||    20
       Ozocubu's Armour  |       |       |       |     2 ||     2
       Ensorcelled Hiber |       |       |       |     1 ||     1
Evoke: Wand              |       |     1 |     2 |     4 ||     7
  Use: Scroll            |     2 |     7 |    10 |     1 ||    20
       Potion            |       |     1 |       |       ||     1
Armor: Robe              |     4 |     2 |     3 |    23 ||    32
Dodge: Dodged            |    27 |    14 |    32 |    66 ||   139

Table legend: (Time is in decaauts)
 A = Elapsed time spent in this place.
 B = Non-inter-level travel time spent in this place.
 C = Inter-level travel time spent in this place.
 D = Time resting spent in this place.
 E = Time spent auto-exploring this place.
 F = Levels seen in this place.
 G = Mean time per level.
                   A        B        C        D        E       F      G
               +--------+--------+--------+--------+--------+-----+--------+
         Total |  12662 |  12074 |    588 |   2493 |   8059 |  12 | 1055.2 |
       Dungeon |  11486 |  10933 |    553 |   2260 |   7428 |   9 | 1276.2 |
        Temple |    121 |     87 |     34 |      0 |     81 |   1 |  121.0 |
          Lair |    413 |    413 |      0 |      5 |    308 |   1 |  413.0 |
       Ossuary |    640 |    640 |      0 |    228 |    242 |   1 |  640.0 |
               +--------+--------+--------+--------+--------+-----+--------+

Top non-repeatable levels by time:
     D:9: 2538 daAuts
     D:6: 1510 daAuts
     D:3: 1369 daAuts
     D:7: 1264 daAuts
     D:5: 1194 daAuts
     D:8: 1068 daAuts
     D:2: 913 daAuts
     D:1: 828 daAuts
     D:4: 799 daAuts
 Ossuary: 640 daAuts
  Lair:1: 413 daAuts
  Temple: 121 daAuts
